 Dungeon Crawl Stone Soup version 0.14-b1-45-gfd36cc2 (webtiles) character file.

22542 Heini the Bludgeoner (level 12, -8/110 HPs)
             Began as a Minotaur Berserker on Apr 8, 2014.
             Was the Champion of Trog.
             Killed by divine providence
             ... invoked by an orc high priest
              (13 damage)
             ... on Level 4 of the Orcish Mines.
             The game lasted 01:33:08 (17137 turns).

Heini the Bludgeoner (Minotaur Berserker)          Turns: 17137, Time: 01:33:11

HP  -8/110       AC 17     Str 27      XL: 12   Next: 49%
MP   1/1         EV  7     Int  4      God: Trog [******]
Gold 1601        SH  0     Dex 10      Spells:  0 memorised, 11 levels left

rFire  . . .     SeeInvis .     E - +2,+4 great mace (antimagic)
rCold  . . .     Clarity  .     x - +0 plate armour
rNeg   . . .     Conserve .     (no shield)
rPois  .         rCorr    .     (helmet restricted)
rElec  .         rRot     .     H - +1 cloak
SustAb . .       Spirit   .     (no gloves)
rMut   .         Warding  .     (no boots)
Saprov . . .     Stasis   .     (no amulet)
MR     .....                    (no ring)
                                (no ring)

@: exhausted, slowed, heavily drained, very slow, not resistant to hostile
enchantments, extremely unstealthy
A: retaliatory headbutt, horns 2
a: Burn Spellbooks, Berserk, Trog's Hand, Brothers in Arms, Renounce Religion


You were on level 4 of the Orcish Mines.
You worshipped Trog.
Trog was exalted by your worship.
You were near starving.

You visited 5 branches of the dungeon, and saw 19 of its levels.

You collected 1601 gold pieces.

Inventory:

Hand weapons
 b - the +1,+5 sling "Qowib" {flame, rN+ Str+2 Dex+2, unknown}
   (Trog gifted it to you on level 1 of the Orcish Mines)

   It turns projectiles fired from it into bolts of flame.
   It affects your strength (+2).
   It affects your dexterity (+2).
   It protects you from negative energy.
 h - a +2,+2 flail of protection
 l - a +2,+2 anti-magic lajatang
 E - a +2,+4 anti-magic great mace (weapon)
Missiles
 o - 32 stones (quivered)
Armour
 k - a +1 chain mail of fire resistance
 x - a +0 plate armour (worn)
 H - a +1 cloak (worn)
Magical devices
 s - a wand of draining (4) {unknown}
 u - a wand of magic darts (9) {unknown}
 G - a wand of heal wounds (6) {unknown}
Comestibles
 c - 12 bread rations
 f - 3 meat rations
 n - 2 pears
 p - 2 chokos
 q - 3 apples
 K - 10 lemons
Scrolls
 d - 2 scrolls of magic mapping
 e - 2 scrolls of fear
 w - 3 scrolls of recharging
 y - 3 scrolls of remove curse
 B - 5 scrolls of teleportation
Jewellery
 z - an uncursed amulet of rage
 I - a +3 ring of protection
Potions
 a - a potion of might
 g - a potion of resistance {unknown}
 i - 5 potions of curing
 j - a potion of cure mutation {unknown}
 m - a potion of restore abilities
 r - a potion of flight {unknown}
 t - a potion of confusion
 v - 2 potions of berserk rage
 C - 2 potions of agility
 D - a potion of haste
 F - a potion of brilliance


   Skills:
 * Level 11.6(9.0) Fighting
 * Level 15.7(12.9) Maces & Flails
 + Level 0.2(0.0) Throwing
 * Level 13.2(10.5) Armour
 + Level 7.5(5.2) Dodging


You had 11 spell levels left.
You didn't know any spells.

Dungeon Overview and Level Annotations

Branches:
Dungeon (10/15)            Temple (1/1) D:7             Orc (4/4) D:10
    Elf (1/3) Orc:4          Lair (3/8) D:10
  Swamp: Lair:3-6    Shoals: Lair:3-6     Snake: Lair:3-6    Spider: Lair:3-6

Altars:
Ashenzari
Cheibriados
Dithmenos
Elyvilon
Fedhas
Kikubaaqudgha
Makhleb
Nemelex Xobeh
Okawaru
Sif Muna
Trog
Vehumet
Xom
Yredelemnul
Zin
The Shining One

Shops:
D:5 }*   D:6 (   D:9 *   D:10 [(   Orc:4 [


Innate Abilities, Weirdness & Mutations

You reflexively headbutt those who attack you in melee.
You have a pair of horns on your head.


Message History

You are exhausted.
You feel yourself slow down.
You are near starving!
The orc high priest mumbles some strange prayers to Beogh against you.
Something smites you!
* * * LOW HITPOINT WARNING * * *
An orc comes into view. It is wielding a flail.
The orc high priest calls down the wrath of Beogh upon you.
Something smites you!
* * * LOW HITPOINT WARNING * * *
The orc priest prays to Beogh.
You feel troubled.
There is a staircase to the Elven Halls here.
The red devil hits you from afar with a trident!
* * * LOW HITPOINT WARNING * * *
The orc high priest hits you but does no damage.
The red devil hits you but does no damage.
The orc high priest mumbles some strange prayers to Beogh against you.
Something smites you!
You die...

.....#...#..........#..
######..#.................
#...∩#.................... #
#..4.#.....#....##........
.o.
#...4#.....##...###...#...
#..##)###....####...###.#....
#oo.o.o.4....# #...## ####.#.
#.###+###o4.## ##..## ####
#..o@# #...# # #...## ##.##
#. #...# ### ## #..## # #..#
# ...# # ....# . ..###


You could see 2 orc high priests, a hellwing, a red devil and an orc priest.

Vanquished Creatures
  An orc warlord (Orc:2)
  2 hydras
  An orc knight (Orc:1)
  2 orc sorcerers (Orc:3)
  3 elephants (Lair:3)
  Maurice (D:9)
  A black mamba (Lair:2)
  A gargoyle (D:10)
  A fire drake (Lair:2)
  2 spiny frogs (Lair:2)
  2 komodo dragons (Lair:2)
  2 trolls (Orc:3)
  9 blink frogs (Lair:2)
  A basilisk (Lair:1)
  A spriggan (D:9)
  A wyvern (Lair:3)
  Eustachio (D:4)
  6 yaks (Lair:3)
  2 hippogriffs
  A wolf (Lair:1)
  A warg (Orc:2)
  A steam dragon (D:8)
  8 water moccasins
  4 sky beasts
  6 porcupines
  10 ice beasts
  2 phantoms
  7 ogres
  10 orc warriors
  4 centaurs
  A boring beetle (Lair:3)
  2 big kobolds
  4 crocodiles
  4 giant slugs
  6 giant frogs
  2 scorpions
  A troll zombie (Orc:3)
  4 crimson imps
  A centaur zombie (D:9)
  2 goliath beetles
  A quasit (D:7)
  2 centaur skeletons (D:10)
  A jelly (D:10)
  4 iguanas
  A black bear zombie (D:5)
  6 hounds
  22 orc priests
  13 orc wizards
  6 worker ants
  11 sheep
  Ijyb (D:2)
  Terence (D:2)
  3 gnolls (D:9)
  2 worker ant zombies
  13 adders
  2 inept feature mimics (D:5)
  4 shadow imps
  A gnoll skeleton (D:8)
  9 green rats (Lair:2)
  9 worms
  A giant mite (D:2)
  5 orc zombies
  5 giant eyeballs
  An ooze (D:1)
  140 orcs
  18 bats
  A bat skeleton (D:5)
  A bat zombie (D:8)
  9 giant cockroaches
  11 goblins
  12 hobgoblins
  22 jackals
  12 quokkas
  2 ball pythons
  3 giant geckos
  A giant gecko zombie (D:6)
  3 giant newts
  A hobgoblin zombie (D:7)
  20 kobolds
  A kobold skeleton (D:4)
  20 rats
  A rat zombie (D:8)
  2 ballistomycetes (D:7)
  2 fungi (Lair:2)
527 creatures vanquished.

Vanquished Creatures (collateral kills)
  A hill giant (D:9)
1 creature vanquished.

Vanquished Creatures (others)
  An orc priest (D:9)
  A giant spore (D:7)
  3 kobolds (D:8)
  A fungus (Orc:1)
6 creatures vanquished.

Grand Total: 534 creatures vanquished

Notes
Turn   | Place    | Note
--------------------------------------------------------------
     0 | D:1      | Heini, the Minotaur Berserker, began the quest for the Orb.
     0 | D:1      | Reached XP level 1. HP: 19/19 MP: 1/1
    95 | D:1      | Reached skill level 4 in Fighting
    98 | D:1      | Reached XP level 2. HP: 24/27 MP: 1/1
   225 | D:1      | Acquired Trog's second power
   575 | D:1      | Reached XP level 3. HP: 33/33 MP: 2/2
  1222 | D:2      | Reached skill level 5 in Maces & Flails
  1288 | D:2      | Reached XP level 4. HP: 33/41 MP: 2/2
  1384 | D:2      | Noticed Ijyb
  1388 | D:2      | Noticed Terence
  1403 | D:2      | Killed Ijyb
  1408 | D:2      | Killed Terence
  1916 | D:3      | Reached XP level 5. HP: 40/47 MP: 2/2
  2050 | D:3      | Noticed a giant frog
  2060 | D:3      | Killed a giant frog
  2230 | D:3      | Acquired Trog's third power
  2354 | D:3      | Reached skill level 6 in Maces & Flails
  2547 | D:4      | Found a shadowy altar of Dithmenos.
  2547 | D:4      | Noticed Eustachio
  2559 | D:4      | Killed Eustachio
  2559 | D:4      | Reached skill level 5 in Fighting
  2559 | D:4      | Reached XP level 6. HP: 53/56 MP: 3/3
  2670 | D:4      | Found a snail-covered altar of Cheibriados.
  2942 | D:4      | Found a glowing golden altar of the Shining One.
  2954 | D:4      | Reached skill level 7 in Maces & Flails
  3168 | D:4      | Found an ancient bone altar of Kikubaaqudgha.
  3307 | D:5      | Entered Level 5 of the Dungeon
  3307 | D:5      | Found Wietil's Distillery.
  3307 | D:5      | Wietil's Distillery was a mimic.
  3320 | D:5      | Reached XP level 7. HP: 42/61 MP: 3/3
  3405 | D:5      | Reached skill level 5 in Armour
  3723 | D:5      | Reached skill level 8 in Maces & Flails
  3726 | D:5      | Found a staircase to the Ecumenical Temple.
  3747 | D:5      | Found Rona's Gadget Boutique.
  3927 | D:5      | the staircase to the Ecumenical Temple was a mimic.
  3931 | D:5      | Reached XP level 8. HP: 60/70 MP: 3/3
  3962 | D:5      | Paralysed by a giant eyeball for 3 turns
  4033 | D:5      | Found Qoakh's Assorted Antiques.
  4624 | D:6      | Found Gueqabido's Weapon Boutique.
  4686 | D:6      | Reached skill level 9 in Maces & Flails
  4686 | D:6      | Reached skill level 5 in Dodging
  5313 | D:6      | Paralysed by a giant eyeball for 3 turns
  5490 | D:7      | Reached XP level 9. HP: 70/78 MP: 4/4
  5594 | D:7      | Paralysed by a giant eyeball for 3 turns
  5832 | D:7      | Found a staircase to the Ecumenical Temple.
  5854 | Temple   | Entered the Ecumenical Temple
  6134 | D:7      | Reached skill level 10 in Maces & Flails
  6610 | D:8      | Found a bloodstained altar of Trog.
  6617 | D:8      | Paralysed by a giant eyeball for 4 turns
  6638 | D:8      | Paralysed by a giant eyeball for 3 turns
  6648 | D:8      | Paralysed by a giant eyeball for 2 turns
  7253 | D:8      | Found a burning altar of Makhleb.
  7254 | D:8      | Found a shimmering altar of Xom.
  7322 | D:8      | Found a deep blue altar of Sif Muna.
  7470 | D:9      | Received a gift from Trog
  7531 | D:9      | Noticed Maurice
  7539 | D:9      | Killed Maurice
  7539 | D:9      | Reached skill level 11 in Maces & Flails
  7579 | D:9      | Found Graoheul's Assorted Antiques.
  7809 | D:9      | Noticed a hill giant
  7819 | D:9      | Killed a hill giant
  7819 | D:9      | Reached XP level 10. HP: 47/88 MP: 1/4
  8191 | D:10     | Entered Level 10 of the Dungeon
  8250 | D:10     | Found Chomew Duod's Armour Shop.
  8251 | D:10     | Found a staircase to the Orcish Mines.
  8255 | D:10     | Found Daapraete's Weapon Shop.
  8304 | D:10     | Found a staircase to the Lair.
  8332 | D:10     | Reached skill level 12 in Maces & Flails
  8521 | Lair:1   | Entered Level 1 of the Lair of Beasts
  8620 | Lair:1   | Reached skill level 10 in Armour
  8667 | Lair:1   | Received a gift from Trog
  9509 | Lair:2   | Noticed a black mamba
  9521 | Lair:2   | Killed a black mamba
  9850 | Lair:2   | Reached skill level 13 in Maces & Flails
 10145 | Lair:2   | Noticed a six-headed hydra
 10154 | Lair:2   | Killed a six-headed hydra
 10154 | Lair:2   | Reached skill level 10 in Fighting
 10154 | Lair:2   | Reached XP level 11. HP: 38/99 MP: 1/4
 10236 | Lair:2   | HP: 2/99 [blink frog (7)]
 11074 | Lair:2   | Received a gift from Trog
 11467 | Lair:3   | Reached skill level 14 in Maces & Flails
 12558 | Lair:3   | Noticed an eight-headed hydra
 12569 | Lair:3   | Killed an eight-headed hydra
 13256 | Orc:1    | Entered Level 1 of the Orcish Mines
 13256 | Orc:1    | Found a frozen archway.
 13351 | D:10     | Reached XP level 12. HP: 41/108 MP: 1/5
 14324 | Orc:1    | Received a gift from Trog
 14325 | Orc:1    | Got a pitted sling {god gift}
 14339 | Orc:1    | Reached skill level 15 in Maces & Flails
 14578 | Orc:1    | Found a burning altar of Makhleb.
 15009 | Orc:3    | Noticed an orc warlord
 15023 | Orc:3    | Received a gift from Trog
 15407 | Orc:2    | Killed an orc warlord
 16064 | Orc:2    | HP: 5/110 [orc/flail (3)]
 16067 | Orc:2    | HP: 1/110 [orc/mace (3)]
 16954 | Orc:4    | Entered Level 4 of the Orcish Mines
 17067 | Orc:4    | Found a staircase to the Elven Halls.
 17072 | Elf:1    | Entered Level 1 of the Elven Halls
 17121 | Orc:4    | Found Ucuponk's Antique Armour Shop.
 17128 | Orc:4    | Received a gift from Trog
 17137 | Orc:4    | HP: 5/110 [red devil/trident[an orc high priest] (7)]
 17137 | Orc:4    | Killed from afar by an orc high priest

Action                   |  1- 3 |  4- 6 |  7- 9 | 10-12 || total
-------------------------+-------+-------+-------+-------++-------
Melee: Mace              |   107 |    64 |       |       ||   171
       Flail             |       |   114 |   433 |       ||   547
       Great mace        |       |       |    35 |   643 ||   678
Throw: Stone             |       |       |       |     2 ||     2
Invok: Berserk           |       |     1 |     3 |     9 ||    13
       Burn Spellbooks   |       |     1 |     1 |     1 ||     3
Evoke: Wand              |       |       |       |     1 ||     1
  Use: Scroll            |       |     9 |     9 |    12 ||    30
       Potion            |       |       |       |     4 ||     4
 Stab: Sleeping          |     1 |       |       |       ||     1
       Distracted        |       |       |     1 |       ||     1
